Description

aaaa

VOD

https://www.youtube.com/watch?v=Z_gPUJarjCc

Replay - Guide - How to play Terran vs Terran in 2020! by Beastyqt

Build Order

Get SALT Encoding   

  12  0:00  SCV  
  13  0:13  SCV  
  14  0:18  Supply Depot  
  14  0:25  SCV  
  15  0:40  SCV  
  15  0:41  Barracks  
  16  0:45  Refinery  
  16  0:52  SCV  
  17  1:04  SCV  
  18  1:16  SCV  
  19  1:28  Orbital Command, Reaper  
  20  1:43  Command Center  
  20  1:52  Supply Depot  
  20  1:54  SCV  
  20  2:00  Marine  
  22  2:07  SCV  
  23  2:12  Factory  
  23  2:19  SCV, Bunker  
  24  2:28  Barracks Reactor  
  24  2:29  Refinery  
  26  2:56  Starport  
  26  3:00  Orbital Command  
  26  3:03  Factory Tech Lab  
  27  3:06  Marine x2  
  30  3:15  Supply Depot  
  30  3:23  Marine x2, Cyclone  
  37  3:32  Starport Tech Lab  
  39  3:41  Supply Depot  
  39  3:43  Marine x2  
  42  4:00  Raven, Refinery  
  46  4:04  Marine x2  
  46  4:08  Supply Depot  
  50  4:23  Marine, Siege Tank  
  59  4:50  Command Center  
  61  4:55  Siege Tank, Viking  
  67  5:00  Viking  
  67  5:04  Refinery  
  71  5:09  Stimpack  
  73  5:24  Viking  
  78  5:30  Viking  
  80  5:40  Barracks x2, Siege Tank  
  86  5:54  Viking  
  90  6:00  Viking  
  90  6:02  Engineering Bay x2  
  92  6:12  Siege Tank  
  98  6:29  Barracks x2  
  103  6:39  Barracks Reactor x2  
  99  6:41  Viking x2  
  99  6:44  Siege Tank  
  99  6:45  Orbital Command  
  109  6:54  Terran Infantry Weapons Level 1  
  109  6:58  Terran Infantry Armor Level 1  
  112  7:14  Refinery x2  
  115  7:17  Siege Tank  
  115  7:18  Barracks Reactor x2  
  126  7:35  Medivac x2  
  133  7:46  Combat Shield  
  138  7:53  Siege Tank  
  144  8:02  Armory  
  146  8:10  Medivac  
  150  8:17  Medivac  
  155  8:25  Siege Tank  
  160  8:31  Command Center, Barracks  
  164  8:35  Factory  
  166  8:44  Medivac x2  
  184  9:12  Missile Turret x3  
  184  9:18  Sensor Tower x2  
  186  9:27  Siege Tank  
  186  9:28  Barracks Reactor  
  194  9:43  Siege Tank  
  194  9:44  Barracks Reactor  
  199  9:48  Refinery x2  
Spawning Tool Build Advisor. Get it on Overwolf

Go to:

Details

  • Created by: LLDupi
  • Published on: Jul 01, 2020
  • Modified on: Jul 01, 2020
  • Patch: 4.11.0
  • Difficulty: Easy
Show
View Real Time Build Order
Export as new Build Order

Comments (0)

There are no comments. Be the first!

Create an account to comment!